 Dungeon Crawl Stone Soup version 0.30.0-29-ga12c61a403 (webtiles) character file.

Game seed: 4140490465122186351

835336 Bnni the Invulnerable (level 27, -12/181 HPs)
             Began as a Formicid Earth Elementalist on June 21, 2023.
             Was the Champion of Cheibriados.
             Killed from afar by a Brimstone Fiend (48 damage)
             ... with damnation
             ... on level 7 of Gehenna on June 23, 2023.
             The game lasted 06:17:44 (88110 turns).

Bnni the Invulnerable (FoEE)                       Turns: 88110, Time: 06:17:46

Health: -12/181    AC: 53    Str: 28    XL:     27
Magic:  5/44       EV: 13    Int: 43    God:    Cheibriados [******]
Gold:   7783       SH: 21    Dex: 34    Spells: 8/70 levels left

rFire   + + +        n - staff of earth "Ahal" {rCorr}
rCold   + + .        b - +2 shield of Resistance {rF++ rC++ Will++}
rNeg    + . .        h - +14 crystal plate armour
rPois   +            (helmet unavailable)
rElec   .            Q - +2 cloak {Stlth+}
rCorr   +            Y - +0 pair of gloves "Kazuledo" {rPois Int+2}
SInv    +            U - +0 pair of boots {Fly}
Will    ++++.        O - amulet "Miovat Foke" {rPois rF- rN+ Regen+ Dex+5} Stlth
                     R - ring of fire
HPRegen 1.30/turn    d - ring "Lidol" {Wiz rPois rF+ Str-3}
MPRegen 0.29/turn

%: wizardry (x1)
@: weakened, flying, unable to read, very slow
A: permanent stasis, dig shafts and tunnels, antennae 3, four strong arms, cold
resistance 1, low MP 1, subdued magic 1
}: 7/15 runes: decaying, serpentine, slimy, silver, iron, icy, abyssal
a: Dig, Shaft Self, Renounce Religion, Bend Time, Temporal Distortion, Slouch,
Step From Time


You were on level 7 of Gehenna.
You worshipped Cheibriados.
Cheibriados was exalted by your worship.
You visited 16 branches of the dungeon, and saw 78 of its levels.
You visited the Abyss 2 times.
You visited 1 bazaar.
You also visited: Sewer, Ice Cave and Volcano.

You collected 11423 gold pieces.
You spent 3640 gold pieces at shops.

Inventory:

Hand Weapons
 T - the +6 Majin-Bo {spellvamp, MP+6 Int+6}
   (You took it off a yaktaur captain on level 5 of the Vaults)

   Int:       It affects your intelligence (+6).
   MP:        It affects your magic capacity (+6).
Missiles
 e - 11 curare-tipped darts
 I - 3 throwing nets
Armour
 b - the +2 shield of Resistance (worn) {rF++ rC++ Will++}
   (You found it on level 3 of the Elven Halls)

   rF:        It greatly protects you from fire.
   rC:        It greatly protects you from cold.
   Will:      It greatly increases your willpower.
 h - a +14 crystal plate armour (worn)
 Q - a +2 cloak of stealth (worn)
 U - a +0 pair of boots of flying (worn)
 Y - the +0 pair of gloves "Kazuledo" (worn) {rPois Int+2}
   (You found it on level 5 of the Pits of Slime)

   Int:       It affects your intelligence (+2).
   rPois:     It protects you from poison.
Magical Staves
 n - the staff of earth "Ahal" (weapon) {rCorr}
   (You found it on level 7 of the Iron City of Dis)

   [staff of earth]

   Base accuracy: +5 Base damage: 5 Base attack delay: 1.2 This weapon's minimum
   attack delay (0.6) is reached at skill level 12.
   rCorr:     It protects you from acid and corrosion.
   It falls into the 'Staves' category.
   It is a weapon for one hand-pair.
 G - the staff of earth "Zidinec" {rN+}
   (You found it on level 7 of Cocytus)

   [staff of earth]

   Base accuracy: +5 Base damage: 5 Base attack delay: 1.2 This weapon's minimum
   attack delay (0.6) is reached at skill level 12.
   rN:        It protects you from negative energy.
   It falls into the 'Staves' category.
   It is a weapon for one hand-pair.
Jewellery
 d - the ring "Lidol" (right hand) {Wiz rPois rF+ Str-3}
   (You bought it in a shop on level 2 of the Elven Halls)

   [ring of wizardry]

   It improves your spell success rate.
   Str:       It affects your strength (-3).
   rF:        It protects you from fire.
   rPois:     It protects you from poison.
 l - the ring of Biyfru {rC+ Int+3}
   (You found it on level 2 of the Crypt)

   [ring of protection from cold]

   Int:       It affects your intelligence (+3).
   rC:        It protects you from cold.
 x - the amulet "Ineererch" {Faith rPois rC+}
   (You bought it in a shop on level 2 of the Orcish Mines)

   [amulet of faith]

   It allows you to gain divine favour quickly.
   rC:        It protects you from cold.
   rPois:     It protects you from poison.
 y - the ring "Ziuquum" {rElec rN+}
   (You found it on level 3 of the Crypt)

   [ring of positive energy]

   rElec:     It insulates you from electricity.
   rN:        It protects you from negative energy.
 E - the ring "Totrip" {*Slow rN+ Will++ Dex+4}
   (You found it on level 3 of the Crypt)

   [ring of positive energy]

   Dex:       It affects your dexterity (+4).
   rN:        It protects you from negative energy.
   *Slow:     It may slow you when you take damage.
   Will:      It greatly increases your willpower.
 O - the amulet "Miovat Foke" (around neck) {rPois rF- rN+ Regen+ Dex+5}
   (You bought it in a shop on level 2 of the Orcish Mines)

   [amulet of regeneration]

   Dex:       It affects your dexterity (+5).
   rF:        It makes you vulnerable to fire.
   rPois:     It protects you from poison.
   rN:        It protects you from negative energy.
   Regen:     It increases your rate of health regeneration.
 R - a ring of fire (left hand)
Wands
 q - a wand of acid (33)
 J - a wand of roots (56)
 V - a wand of digging (14)
Scrolls
 j - 7 scrolls of magic mapping
 k - 5 scrolls of amnesia
 o - 7 scrolls of enchant weapon
 r - 28 scrolls of identify
 B - 6 scrolls of silence
 D - 7 scrolls of fog
 H - 12 scrolls of fear
 M - 6 scrolls of vulnerability
 P - 7 scrolls of immolation
 S - 9 scrolls of poison
 Z - 2 scrolls of brand weapon
Potions
 a - 6 potions of attraction
 g - 12 potions of mutation
 i - a potion of magic
 m - 4 potions of invisibility
 p - 10 potions of might
 s - 17 potions of curing
 u - 4 potions of cancellation
 w - 12 potions of flight
 C - 2 potions of resistance
 F - 8 potions of brilliance
 K - a potion of ambrosia
Miscellaneous
 t - a condenser vane (inert)
 z - a lightning rod (4/4)
 A - a phial of floods
 L - a phantom mirror
 N - a box of beasts


   Skills:
 + Level 22.8 Fighting
 - Level 9.5 Staves
 O Level 27 Armour
 + Level 6.2 Dodging
 - Level 2.4 Stealth
 - Level 20.0 Shields
 * Level 22.4 Spellcasting
 - Level 15.0 Conjurations
 - Level 9.0 Summonings
 * Level 21.2 Necromancy
 - Level 15.0 Transmutations
 - Level 25.0 Earth Magic
 - Level 13.0 Invocations
 - Level 3.0 Evocations


You had 8 spell levels left.
You knew the following spells:

 Your Spells              Type           Power      Damage    Failure   Level
a - Shatter               Erth           70%        3d52*     3%          9
b - Passwall              Tmut/Erth      100%       N/A       0%          2
c - Lehudib's Crystal Sp  Conj/Erth      65%        10d15     1%          8
d - Haunt                 Necr/Summ      47%        N/A       1%          7
e - Lee's Rapid Deconstr  Erth           70%        3d32*     0%          5
f - Iron Shot             Conj/Erth      65%        9d12      1%          6
g - Animate Armour        Summ/Erth      100%       N/A       0%          4
h - Borgnjor's Vile Clut  Necr/Erth      68%        N/A       0%          5
j - Yara's Violent Unrav  Hex/Tmut       36%        3d15      1%          5
r - Borgnjor's Revivific  Necr           54%        N/A       1%          8
s - Sublimation of Blood  Necr           100%       N/A       0%          2
z - Apportation           Tloc           74%        N/A       1%          1

Your spell library contained the following spells:

 Spells                   Type           Power      Damage    Failure   Level
 Beastly Appendage        Tmut           100%       N/A       0%          1
 Kiss of Death            Conj/Necr      100%       2d13      0%          1
 Magic Dart               Conj           100%       1d8       0%          1
 Necrotise                Necr           100%       1d9       0%          1
 Sandblast                Erth           100%       2d20      0%          1
 Searing Ray              Conj           100%       2d8       0%          2
 Wereblood                Tmut           94%        N/A       0%          2
 Stone Arrow              Conj/Erth      100%       3d13      0%          3
 Vampiric Draining        Necr           100%       2d13      0%          3
 Dispel Undead            Necr           100%       3d31      0%          4
 Petrify                  Tmut/Erth      100%       N/A       0%          4
 Freeze                   Ice            100%       1d10      1%          1
 Shock                    Conj/Air       100%       1d9       1%          1
 Slow                     Hex            100%       N/A       1%          1
 Sting                    Tmut/Pois      100%       1d8       1%          1
 Summon Small Mammal      Summ           100%       N/A       1%          1
 Call Imp                 Summ           100%       N/A       1%          2
 Cigotuvi's Dreadful Rot  Necr/Pois/Air  100%       N/A       1%          2
 Lesser Beckoning         Tloc           74%        N/A       1%          2
 Momentum Strike          Conj/Tloc      100%       3d10      1%          2
 Poisonous Vapours        Pois/Air       74%        N/A       1%          2
 Scorch                   Fire           100%       2d9       1%          2
 Static Discharge         Conj/Air       100%       2-7/arc   1%          2
 Call Canine Familiar     Summ           77%        N/A       1%          3
 Hailstorm                Conj/Ice       72%        3d15      1%          3
 Ignite Poison            Fire/Tmut/Pois 81%        N/A       1%          3
 Mephitic Cloud           Conj/Pois/Air  63%        N/A       1%          3
 Anguish                  Hex/Necr       41%        N/A       1%          4
 Flame Wave               Conj/Fire      92%        2d19      1%          4
 Fulminant Prism          Conj/Hex       36%        3d17      1%          4
 Ice Form                 Ice/Tmut       72%        N/A       1%          4
 Iskenderun's Mystic Bla  Conj/Tloc      72%        2d15      1%          4
 Leda's Liquefaction      Hex/Erth       54%        N/A       1%          4
 Sticky Flame             Conj/Fire      92%        2d10      1%          4
 Summon Ice Beast         Ice/Summ       61%        N/A       1%          4
 Arcjolt                  Conj/Air       36%        1d46      1%          5
 Blade Hands              Tmut           47%        N/A       1%          5
 Fireball                 Conj/Fire      46%        3d18      1%          5
 Iskenderun's Battlesphe  Conj           94%        2d14      1%          5
 Simulacrum               Ice/Necr       41%        N/A       1%          6
 Dragon Form              Tmut           47%        N/A       1%          7
 Orb of Destruction       Conj           47%        9d12      1%          7
 Confusing Touch          Hex            37%        N/A       2%          3
 Frozen Ramparts          Ice            74%        1d12      2%          3
 Gell's Gravitas          Tloc           37%        N/A       2%          3
 Inner Flame              Hex/Fire       53%        N/A       2%          3
 Ozocubu's Armour         Ice            37%        N/A       2%          3
 Portal Projectile        Hex/Tloc       74%        N/A       2%          3
 Teleport Other           Tloc           37%        N/A       2%          3
 Tukima's Dance           Hex            37%        N/A       2%          3
 Freezing Cloud           Conj/Ice/Air   31%        6-21      3%          5
 Summon Cactus Giant      Summ           38%        N/A       3%          6
 Necromutation            Tmut/Necr      51%        N/A       3%          8
 Summon Mana Viper        Hex/Summ       61%        N/A       4%          5
 Spellforged Servitor     Conj/Summ      43%        N/A       6%          7
 Conjure Ball Lightning   Conj/Air       36%        3x3d12    7%          6
 Eringya's Noxious Bog    Tmut/Pois      36%        N/A       7%          6
 Airstrike                Air            18%        2d(3-19)  10%         4
 Cause Fear               Hex            18%        N/A       10%         4
 Olgreb's Toxic Radiance  Pois           37%        N/A       10%         4
 Passage of Golubria      Tloc           37%        N/A       10%         4
 Monstrous Menagerie      Summ           38%        N/A       21%         7
 Summon Hydra             Summ           38%        N/A       21%         7
 Metabolic Englaciation   Hex/Ice        18%        N/A       26%         5
 Silence                  Hex/Air        18%        N/A       26%         5
 Malign Gateway           Summ/Tloc      30%        N/A       77%         7
 Plasma Beam              Fire/Air       26%        2x1d42    82%         6
 Summon Horrible Things   Summ           38%        N/A       83%         8
 Enfeeble                 Hex            18%        N/A       100%        7
 Ozocubu's Refrigeration  Ice            18%        4d11      100%        7
 Discord                  Hex            18%        N/A       100%        8
 Disjunction              Tloc           18%        N/A       100%        8
 Ignition                 Fire           26%        3d9       100%        8
 Maxwell's Capacitive Co  Air            18%        ∞         100%        8
 Death's Door             Necr           54%        N/A       16%         9
 Chain Lightning          Conj/Air       36%        3d48      100%        9
 Dragon's Call            Summ           38%        N/A       100%        9
 Fire Storm               Conj/Fire      46%        8d12      100%        9
 Blink                    Tloc           Unusable   N/A       N/A         2
 Swiftness                Air            Unusable   N/A       N/A         3
 Vhi's Electric Charge    Tloc/Air       Unusable   N/A       N/A         3

Dungeon Overview and Level Annotations

Branches:
Dungeon (15/15)            Temple (1/1) D:5            Lair (5/5) D:11
  Swamp (4/4) Lair:3        Snake (4/4) Lair:2        Slime (5/5) Lair:4
    Orc (2/2) D:10            Elf (3/3) Orc:2        Vaults (5/5) D:14
  Crypt (3/3) Vaults:2       Tomb (0/3) Crypt:3      Depths (4/4) D:15
   Hell (visited)             Dis (7/7) Hell            Geh (7/7) Hell
    Coc (7/7) Hell            Tar (0/7) Hell            Zot (5/5) Depths:4
  Sewer (visited)           IceCv (visited)         Volcano (visited)

Altars:
Ashenzari
Cheibriados
Dithmenos
Fedhas
Gozag
Hepliaklqana
Kikubaaqudgha
Makhleb
Okawaru
Qazlal
Ru
Sif Muna
Trog
Uskayaw
Vehumet
Wu Jian
Xom
Yredelemnul
The Shining One
Lugonu

Shops:
D:12 *   Orc:2 :*[*=   Elf:1 *[([[   Elf:2 =*   Vaults:2 !*   Vaults:3 :

Portals:
Hell: Depths:1 Depths:2 Depths:3 Depths:4
Abyss: D:15 Depths:3
Pandemonium: Orc:2 Depths:1 Depths:2 Depths:4
Ziggurat: Depths:2
Trove: D:14 (give +3 gold dragon scales)

Annotations:
Elf:2 exclusion: 3 doors


Innate Abilities, Weirdness & Mutations

You cannot be hasted, slowed, berserked, paralysed or teleported.
You can dig through walls and to a lower floor.
You have a pair of large antennae on your head. (SInv)
Your four strong arms can wield two-handed weapons with a shield.
Your flesh is cold resistant. (rC+)
Your magical capacity is low. (-10% MP)
Your spells are a little easier to cast, but a little less powerful.


Message History

Your freezing wraith disappears in a puff of smoke!
The hellephant blinks!
Unknown command.
The hellephant blinks!
Unknown command.
Unknown command.
You hit the molten gargoyle but do no damage.
The molten gargoyle is lightly damaged.
A Brimstone Fiend comes into view.
You block the molten gargoyle's attack.
Unknown command.
Aiming: Borgnjor's Vile Clutch (safe; 0% risk of failure)
Press: ? - help, Q - select action, (/) - cycle Shift-Dir - straight line, f - Brimstone Fiend
Aim: a Brimstone Fiend (100% to hit)
You feel a surge of power!
Your animated crystal plate armour is unaffected.
Zombie hands grab the Brimstone Fiend.
The zombie hands constrict the Brimstone Fiend.
The Brimstone Fiend gestures at you.
The sphere of damnation explodes!
The damnation engulfs your animated crystal plate armour!
The damnation engulfs the Brimstone Fiend.
The Brimstone Fiend completely resists.
The damnation engulfs the molten gargoyle!!
The damnation engulfs you!!
* * * LOW HITPOINT WARNING * * *
Unknown command.
You feel much better.
The zombie hands constrict the Brimstone Fiend!
The molten gargoyle is no longer moving slowly.
The molten gargoyle hits your animated crystal plate armour but does no damage.
The Brimstone Fiend gestures at you.
The sphere of damnation explodes!
The damnation engulfs your animated crystal plate armour!!
The damnation engulfs the Brimstone Fiend.
The Brimstone Fiend completely resists.
The damnation engulfs the molten gargoyle!!!
The molten gargoyle is destroyed!
The damnation engulfs you!!!
You die...

#..≈≈≈§≈≈≈≈≈≈§§≈≈§≈≈≈≈§§...
.#...≈≈#.#≈≈≈§§#§≈v≈§#≈≈§§..#
......≈§§..§≈≈≈.#§§§≈≈≈≈≈§§..#
{†.....≈§.#.≈≈≈≈§§§≈{§≈≈≈≈≈§§.#
.....≈§§≈§≈≈§≈≈§≈§§≈..#).....
{.##÷.≈≈≈≈≈≈§≈..#..§§§..†.†..##
.....§≈..§§§.).......########
.#.......).1[)########
...)...#...##@#
.†.))÷.)÷.{##### {
§..†......{.....#
.........{..{.... ....
..Y..........
.......#.......†..
.............#.#..
...#............ .. #..†......#


You could see a Brimstone Fiend (clutched, ally target) and a friendly animated
crystal plate armour (summoned).

Vanquished Creatures
  Antaeus (Coc:7)
  2 dread liches
  2 ancient liches
  28 shard shrikes
  22 caustic shrikes
  A profane servitor (Abyss:3)
  2 curse toes
  Geryon (Hell)
  5 golden dragons
  the Enchantress (Depths:3)
  Nikola (Swamp:2)
  A Brimstone Fiend (Geh:7)
  9 iron giants
  6 hellephants
  7 tentacled monstrosities
  17 Hell Sentinels
  Mlioglotl (Snake:2)
  A walking crystal tome (Depths:3)
  13 Ice Fiends
  9 liches
  Asterion (Vaults:1)
  5 quicksilver dragons
  An Orb Guardian (Zot:5)
  A deep elf blademaster (Elf:3)
  2 deep elf master archers (Elf:3)
  An acid blob (shapeshifter) (Vaults:5)
  15 titans
  10 acid blobs
  18 ancient champions
  5 sphinxes
  3 death cobs
  9 searing wretches
  An Executioner (Abyss:3)
  6 tengu reavers
  8 shadow dragons
  8 tentacled starspawn
  6 storm dragons
  A thorn hunter (Swamp:4)
  2 rockslimes
  8 azure jellies
  4 nagarajas
  13 fire giants
  11 frost giants
  6 draconian monks
  16 narguns
  11 quicksilver elementals
  8 deep elf sorcerers
  3 revenants (Crypt:3)
  14 balrugs
  A draconian knight (Zot:3)
  6 iron dragons
  10 vault wardens
  2 curse skulls
  6 shard shrike simulacra
  3 draconian scorchers
  A ghost moth (Zot:2)
  4 draconian shifters
  7 ironbound preservers
  Louise (Swamp:2)
  A juggernaut zombie (Hell)
  4 deep elf elementalists (Elf:3)
  6 draconian annihilators
  8 reapers
  9 very ugly things
  6 quicksilver oozes (Slime:5)
  9 green draconians
  5 spriggan defenders
  5 cacodemons
  A ghoul (Crypt:2)
  A draconian stormcaller (Zot:4)
  2 caustic shrike skeletons
  A juggernaut skeleton (Crypt:3)
  10 stone giants
  30 war gargoyles
  7 vampire knights
  7 deep elf demonologists (Elf:3)
  A spectral titan (Crypt:3)
  2 eleionomae (Swamp:1)
  3 ironbound thunderhulks
  23 elemental wellsprings
  A bunyip (Swamp:3)
  5 yellow draconians
  3 black draconians
  A lorocyproca (Abyss:2)
  2 deep elf annihilators
  8 red draconians
  10 starcursed masses (Abyss:3)
  4 purple draconians
  7 white draconians
  17 wendigos
  An eidolon (Crypt:3)
  2 green deaths
  9 deep elf death magi
  20 iron golems
  A crystal guardian (Vaults:3)
  4 ettins
  A quicksilver dragon zombie (Hell)
  3 fire dragons
  15 yaktaur captains
  An entropy weaver (Vaults:4)
  A spectral spriggan (Crypt:3)
  7 jiangshi (Crypt:1)
  9 great orbs of eyes
  A deep elf high priest (Vaults:5)
  Erolcha (D:13)
  21 salamander tyrants
  4 spriggan zombies (Hell)
  28 vault guards
  A rakshasa (D:15)
  8 juggernaut simulacra
  3 ice dragons
  14 caustic shrike simulacra
  A fenstrider witch zombie (Crypt:2)
  10 hydras
  3 spriggan air magi
  3 centaur warriors
  6 ironbound frosthearts
  3 stokers
  4 peacekeepers
  4 boulder beetles
  An alligator (Swamp:2)
  8 anacondas
  4 naga warriors
  2 death knights
  3 deep troll earth magi
  12 dancing weapons
  A spriggan skeleton (Crypt:3)
  2 deep troll shamans
  A satyr (shapeshifter) (Vaults:5)
  37 hell hogs
  2 two-headed ogres (D:11)
  6 vampire magi
  7 naga sharpshooters
  9 spriggan berserkers
  A titan zombie (Hell)
  8 orc high priests
  12 thrashing horrors (Abyss:3)
  4 shock serpents
  4 soul eaters
  An Orb Guardian skeleton (Crypt:2)
  9 hell knights
  Sonja (Lair:1)
  12 wretched stars
  12 deep elf knights
  A skyshark (shapeshifter) (Vaults:5)
  A salamander mystic (Snake:4)
  19 shadow wraiths (Crypt:3)
  10 sun demons
  11 crystal echidnas
  An emperor scorpion zombie (Crypt:2)
  11 skeletal warriors
  2 golden dragon zombies (Hell)
  4 iron trolls (Hell)
  2 sixfirhies
  A spatial maelstrom (Abyss:3)
  The ghost of MartinW the Arsonist, a novice DEFE (D:8)
  A goliath frog (shapeshifter) (Vaults:5)
  2 storm dragon skeletons
  18 deep trolls
  A goliath frog (Swamp:2)
  2 spriggan druids
  8 flayed ghosts
  A naga ritualist (Snake:3)
  2 tengu zombies (Hell)
  7 bog bodies
  4 glowing orange brains
  4 quicksilver dragon simulacra
  4 swamp dragons
  9 phantasmal warriors
  28 deep elf pyromancers
  14 deep elf archers
  5 orc knights
  Pikel (D:5)
  4 necromancers
  7 lindwurms
  A sphinx zombie (Hell)
  3 harpies (Vaults:4)
  7 wizards
  An anaconda skeleton (Volcano)
  20 ironbound convokers
  10 spriggan simulacra
  3 shining eyes
  25 deep elf zephyrmancers
  2 mana vipers
  5 orc sorcerers
  2 iron dragon zombies (Hell)
  6 cyclopes
  A stone giant zombie (Crypt:2)
  18 ugly things
  A fire giant zombie (Hell)
  A frost giant zombie (Hell)
  23 moths of wrath
  7 salamanders
  7 will-o-the-wisps
  2 manticores
  A spectral centaur (Crypt:3)
  8 rust devils
  31 black mambas
  2 dire elephant zombies (Hell)
  4 gargoyles
  3 guardian serpents
  3 apocalypse crabs
  9 vault sentinels
  3 orange demons
  2 demonic crawlers (Hell)
  A black mamba (shapeshifter) (D:14)
  11 cane toads
  3 ice statues
  5 molten gargoyles
  An eye of devastation (Abyss:3)
  10 naga magi
  2 storm dragon simulacra (Coc:1)
  9 titan simulacra
  15 smoke demons
  13 large abominations
  4 unseen horrors
  27 yaktaurs
  14 hellions
  3 bunyip simulacra
  12 tormentors
  5 komodo dragons
  3 rime drakes
  An efreet (Abyss:3)
  7 anaconda simulacra
  4 iron giant simulacra
  A spectral harpy (Crypt:3)
  11 freezing wraiths
  A tengu conjurer (Depths:1)
  A hydra zombie (Hell)
  An ice devil (Hell)
  A golden dragon simulacrum (Coc:7)
  A harpy zombie (Crypt:3)
  A white draconian skeleton (Crypt:1)
  A tyrant leech (Swamp:1)
  5 ancient zymes (Abyss:3)
  A yellow draconian skeleton (Crypt:2)
  A polar bear (Lair:4)
  3 meliai (D:12)
  7 trolls
  11 raiju (Abyss:3)
  A harpy skeleton (Volcano)
  A culicivora zombie (Crypt:2)
  3 iron dragon simulacra
  4 blink frogs
  A snapping turtle (shapeshifter) (Vaults:5)
  A stone giant simulacrum (Coc:3)
  A jumping spider (shapeshifter) (D:13)
  Sigmund (D:3)
  13 flying skulls
  2 air elementals
  2 ynoxinuls
  23 slime creatures
  18 spriggans
  12 dire elephant simulacra
  7 hornets
  9 wraiths
  8 shadows
  3 wyverns
  6 basilisks
  4 vampires
  Grum (D:8)
  Eustachio (D:4)
  19 yaks
  A black mamba skeleton (Crypt:3)
  4 water elementals
  2 humans (D:8)
  4 neqoxecs (Abyss:3)
  A redback (shapeshifter) (Vaults:5)
  5 golden eyes (Slime:5)
  2 vampire mosquitoes (Swamp:4)
  An alligator snapping turtle simulacrum (Coc:1)
  2 chaos spawn
  9 swamp worms
  14 harpy simulacra
  10 small abominations
  3 wargs
  A faun zombie (Crypt:3)
  A spatial vortex (Abyss:3)
  2 hell hounds (Lair:5)
  An acid dragon (D:11)
  27 nagas
  3 hydra simulacra
  9 water moccasins
  7 ettin simulacra
  A glowing shapeshifter skeleton (D:15)
  6 swamp drakes
  2 ice beasts
  28 orc warriors
  A hornet zombie (Crypt:2)
  2 black bears
  14 wolves
  8 ogres
  3 boggarts
  7 centaurs
  A lemure (D:5)
  13 bullfrogs
  4 nameless horrors
  A kobold brigand (D:7)
  5 scorpions
  A gnoll sergeant (D:5)
  4 naga simulacra
  A necrophage (Crypt:1)
  3 earth elementals
  A salamander skeleton (Crypt:2)
  12 wights
  2 lindwurm simulacra (IceCv)
  A warg zombie (Crypt:1)
  6 killer bees (D:9)
  A yak skeleton (Crypt:2)
  8 howler monkeys
  2 electric eels
  A crimson imp (Abyss:2)
  8 lava snakes
  A quasit (Abyss:3)
  2 komodo dragon simulacra (IceCv)
  5 centaur zombies
  9 jellies
  2 gnoll boudas
  22 orc priests
  4 hounds (D:11)
  8 iguanas
  A boggart zombie (D:12)
  16 orc wizards
  An ogre skeleton (Crypt:1)
  A hound skeleton (Crypt:1)
  A howler monkey zombie (D:8)
  Robin (D:3)
  12 gnolls
  A howler monkey skeleton (Crypt:3)
  2 acid dragon simulacra (IceCv)
  6 adders
  2 shadow imps
  2 white imps
  An ufetubus (D:4)
  3 steam dragon simulacra (IceCv)
  A worm (D:3)
  3 dart slugs
  66 orcs
  5 bats
  9 endoplasms
  A giant cockroach (D:2)
  16 goblins
  7 hobgoblins
  11 jackals
  12 kobolds
  A quokka (D:5)
  5 ball pythons
  A ball python skeleton (Crypt:1)
  4 frilled lizards
  A frilled lizard zombie (Crypt:2)
  A gnoll skeleton (Crypt:2)
  5 rats
  2 creeping infernos
  3 fire vortices
  A lurking horror (Abyss:3)
  4 starspawn tentacles (Abyss:3)
2168 creatures vanquished.

Vanquished Creatures (collateral kills)
  the Royal Jelly (Slime:5)
  Dispater (Dis:7)
  Bai Suzhen (Elf:3)
  2 shard shrikes
  10 caustic shrikes
  3 golden dragons
  2 bone dragons (Abyss:3)
  A Brimstone Fiend (Geh:5)
  4 iron giants
  2 hellephants
  Zenata (Elf:1)
  3 tentacled monstrosities
  7 Hell Sentinels
  8 Ice Fiends
  2 Orb Guardians (Zot:5)
  A deep elf blademaster (Elf:3)
  5 liches
  7 titans (Coc:7)
  4 searing wretches
  4 acid blobs
  A death cob (Zot:3)
  5 ancient champions
  3 shadow dragons
  2 storm dragons
  4 draconian monks
  Donald (Swamp:1)
  6 azure jellies
  A draconian knight (Zot:3)
  The ghost of MadAsgardian the Grappler, a journeyman TrMo of Makhleb (D:15)
  2 fire giants
  2 nagarajas (Snake:4)
  10 rockslimes
  2 iron dragons
  A nargun (Coc:7)
  5 vault wardens
  5 frost giants (Depths:2)
  A quicksilver elemental (Dis:4)
  A draconian scorcher (Zot:4)
  9 balrugs
  Aizul (Swamp:2)
  A caustic shrike zombie (Crypt:3)
  An angel (Depths:2)
  3 draconian shifters
  2 deep elf elementalists (Elf:3)
  4 ghouls
  A draconian stormcaller (Depths:4)
  2 orc warlords
  10 ironbound preservers
  A juggernaut skeleton (Crypt:3)
  10 very ugly things
  3 quicksilver oozes
  An ironbound thunderhulk (Vaults:1)
  3 stone giants (Depths:2)
  2 war gargoyles
  7 elemental wellsprings
  2 deep elf demonologists (Elf:3)
  4 green draconians
  3 red draconians
  A dire elephant (Vaults:1)
  3 vampire knights
  2 black draconians
  3 yellow draconians
  3 deep elf annihilators (Elf:3)
  6 white draconians
  3 wendigos
  2 bunyips (Swamp:2)
  A spark wasp (Depths:2)
  12 purple draconians
  3 eidola
  The ghost of Graphine the End of an Era, a journeyman MfGl of Qazlal (Lair:3)
  14 iron golems
  A deep elf death mage (Elf:3)
  An entropy weaver (Vaults:1)
  7 fire dragons
  A jiangshi (Crypt:2)
  A shambling mangrove (Swamp:4)
  3 great orbs of eyes
  Josephine (Orc:1)
  7 vault guards
  2 deep elf high priests (Elf:3)
  A yaktaur captain (Vaults:2)
  A hell beast (Depths:2)
  9 hydras
  3 rakshasas
  6 ghost crabs
  An ice dragon (Depths:2)
  A peacekeeper (Vaults:3)
  2 spriggan air magi (Depths:2)
  5 salamander tyrants
  4 centaur warriors
  A fenstrider witch zombie (Crypt:2)
  A boulder beetle (D:14)
  3 ironbound frosthearts
  6 alligators
  2 tengu warriors (Depths:2)
  5 dancing weapons
  2 anacondas
  2 vampire magi
  6 death yaks (Lair:5)
  10 hell hogs
  3 two-headed ogres
  9 naga warriors
  A stoker (Geh:5)
  3 thrashing horrors
  2 deep troll earth magi
  2 deep troll shamans
  A shock serpent (Snake:2)
  3 naga sharpshooters (Snake:4)
  5 deep elf knights
  An orc high priest (Orc:2)
  A soul eater (Orc:2)
  7 skeletal warriors
  6 crystal echidnas
  A skyshark (Lair:5)
  3 sun demons (Abyss:3)
  A wretched star (D:15)
  2 shadow wraiths (Crypt:3)
  3 iron trolls
  A fire crab (Lair:5)
  A titan skeleton (D:15)
  A sixfirhy (Depths:2)
  A death drake (Abyss:3)
  16 deep trolls
  4 spriggan druids
  4 swamp dragons (Swamp:4)
  3 goliath frogs
  7 naga ritualists
  2 deep elf archers (Elf:2)
  8 lindwurms
  2 ironbound convokers (Vaults:3)
  5 deep elf zephyrmancers
  2 tengu zombies
  A wizard (Elf:1)
  4 bog bodies
  A flayed ghost (Depths:3)
  A wolf spider zombie (D:12)
  2 necromancers
  5 orc knights
  20 phantasmal warriors
  5 deep elf pyromancers
  9 mana vipers
  A shining eye (Slime:1)
  2 will-o-the-wisps
  13 ugly things
  4 salamanders
  2 orc sorcerers
  2 moths of wrath
  2 manticores
  A molten gargoyle (Lair:5)
  7 centaur zombies
  5 guardian serpents
  A stone giant skeleton (Crypt:1)
  An ice statue (IceCv)
  2 apocalypse crabs (Swamp:2)
  11 black mambas
  13 naga magi
  8 vault sentinels
  A spectral iron troll (Crypt:2)
  5 elephants (Lair:5)
  An eye of devastation (Slime:5)
  A smoke demon (Abyss:3)
  2 gargoyles
  8 cane toads
  6 large abominations
  14 yaktaurs
  2 hellions (Geh:7)
  An ancient zyme (Abyss:2)
  4 tormentors
  3 komodo dragons (Lair:5)
  3 spectral deep trolls (Crypt:2)
  5 freezing wraiths
  4 rime drakes
  A harpy zombie (Crypt:3)
  A guardian mummy (D:15)
  A red devil (Depths:2)
  4 tyrant leeches
  A hornet (Lair:2)
  A troll (D:11)
  2 polar bears
  4 blink frogs
  A hellwing (Orc:2)
  4 raiju (Abyss:3)
  An iron dragon simulacrum (Coc:4)
  44 slime creatures
  3 spriggans
  2 dire elephant simulacra
  2 vampires (D:12)
  9 wraiths
  An alligator skeleton (Volcano)
  A water elemental (Depths:3)
  2 wyverns
  A fire elemental (Elf:2)
  30 yaks
  5 basilisks
  9 vampire mosquitoes
  A chaos spawn (Abyss:3)
  A warg (Orc:2)
  25 nagas
  2 swamp worms
  4 water moccasins
  A hell hound (Lair:5)
  2 nameless horrors
  13 orc warriors
  2 swamp drakes (Swamp:4)
  An ettin simulacrum (Coc:7)
  3 black bears (Lair:3)
  10 wolves
  An ogre (Orc:1)
  A manticore skeleton (Crypt:1)
  Blork the orc (D:4)
  A small abomination (Abyss:3)
  A bullfrog (Lair:1)
  A necrophage (Crypt:1)
  A cyclops zombie (Crypt:3)
  A wyvern skeleton (Crypt:1)
  2 lindwurm simulacra (IceCv)
  3 spriggan skeletons
  An electric eel (Lair:2)
  A lava snake (Lair:2)
  2 komodo dragon simulacra (IceCv)
  3 orc priests (Orc:2)
  A boggart zombie (D:12)
  3 orc wizards
  A naga skeleton (Volcano)
  A boggart simulacrum (D:14)
  A howler monkey skeleton (Crypt:3)
  5 acid dragon simulacra (IceCv)
  3 steam dragon simulacra (IceCv)
  A worm zombie (Crypt:1)
  An adder skeleton (Crypt:2)
  19 orcs
  An endoplasm (Lair:4)
  5 creeping infernos
  2 fire vortices
  A lurking horror (Abyss:3)
  2 spectral weapons (Vaults:1)
  2 starspawn tentacles (Abyss:3)
899 creatures vanquished.

Vanquished Creatures (others)
  A fire giant (Geh:1)
  A draconian knight (Zot:3)
  A shard shrike simulacrum (Coc:4)
  A salamander tyrant (Snake:4)
  A naga warrior (Snake:1)
  A hell hog (Geh:1)
  A spriggan druid (Swamp:2)
  A deep elf zephyrmancer (Elf:3)
  A black mamba (Snake:4)
  A naga mage (Snake:2)
  A molten gargoyle (Geh:7)
  A rime drake (IceCv)
  A freezing wraith (Coc:4)
  A komodo dragon (Lair:5)
  A bloated husk (Swamp:4)
  An iron dragon simulacrum (Coc:7)
  A naga (Snake:2)
  An ettin simulacrum (Coc:7)
  A small abomination (Abyss:3)
  2 creeping infernos
  5 fire vortices
  30 foxfires
  10 starspawn tentacles (Abyss:3)
66 creatures vanquished.

Grand Total: 3133 creatures vanquished

Notes
Turn   | Place    | Note
-------+----------+-------------------------------------------
     0 | D:1      | Bnni the Formicid Earth Elementalist began the quest for
                  | the Orb.
     0 | D:1      | Reached XP level 1. HP: 13/13 MP: 3/3
   331 | D:1      | Reached XP level 2. HP: 17/19 MP: 5/5
  1017 | D:1      | Learned a level 2 spell: Passwall
  1118 | D:2      | Reached XP level 3. HP: 9/25 MP: 0/6
  1151 | D:2      | Reached skill level 1 in Conjurations
  1432 | D:2      | Reached XP level 4. HP: 30/31 MP: 7/7
  1442 | D:2      | Learned a level 3 spell: Stone Arrow
  2082 | D:3      | Reached skill level 1 in Fighting
  2128 | D:3      | Noticed Robin
  2145 | D:3      | Reached XP level 5. HP: 19/33 MP: 9/9
  2156 | D:3      | Gained mutation: You are partially covered in large bone
                  | plates. (SH +4) [potion of mutation]
  2156 | D:3      | Gained mutation: You are partially covered in iridescent
                  | scales. (AC +2) [potion of mutation]
  2156 | D:3      | Gained mutation: You expend magic power (3 MP) to
                  | strengthen your wands. [potion of mutation]
  2159 | D:3      | Killed Robin
  2351 | D:3      | Noticed Sigmund
  2374 | D:3      | Killed Sigmund
  2375 | D:3      | Reached skill level 5 in Earth Magic
  2375 | D:3      | Reached XP level 6. HP: 12/44 MP: 3/10
  2543 | D:3      | Found a radiant altar of Vehumet.
  2546 | D:3      | Found a shadowy altar of Dithmenos.
  2607 | D:3      | Found a faded altar of an unknown god.
  3127 | D:4      | Reached XP level 7. HP: 46/51 MP: 2/11
  3181 | D:4      | Noticed Eustachio
  3278 | D:4      | Reached skill level 1 in Armour
  3470 | D:4      | Noticed Blork the orc
  3479 | D:4      | Killed Blork the orc
  3491 | D:4      | Found a glowing drain.
  3497 | Sewer    | Entered a sewer
  3567 | Sewer    | Learned a level 4 spell: Petrify
  3647 | Sewer    | Noticed a water moccasin
  3655 | Sewer    | Killed a water moccasin
  3855 | D:4      | Killed Eustachio
  3856 | D:4      | Reached skill level 2 in Armour
  3856 | D:4      | Reached XP level 8. HP: 52/58 MP: 4/14
  4386 | D:5      | Entered Level 5 of the Dungeon
  4502 | D:5      | Reached skill level 3 in Armour
  4784 | D:5      | Found the +5 Force Lance {heavy, knockback}
  4800 | D:5      | Noticed Pikel
  4810 | D:5      | Killed Pikel
  4811 | D:5      | Reached skill level 4 in Armour
  4811 | D:5      | Reached skill level 5 in Spellcasting
  4811 | D:5      | Reached XP level 9. HP: 33/67 MP: 3/16
  4920 | D:5      | Found a broken altar of Ashenzari.
  4952 | D:5      | Reached skill level 5 in Fighting
  5152 | D:5      | Found a staircase to the Ecumenical Temple.
  5164 | Temple   | Entered the Ecumenical Temple
  5221 | Temple   | Became a worshipper of Cheibriados the Contemplative
  5412 | D:6      | Reached skill level 1 in Invocations
  5587 | D:6      | Identified the ring of the Crafting Genius {rElec rPois rN+
                  | MP-9 Str+4}
  6102 | D:7      | Reached * piety under Cheibriados
  6107 | D:7      | Reached skill level 5 in Armour
  6334 | D:7      | Reached XP level 10. HP: 64/76 MP: 15/18
  6796 | D:7      | Found an ornate altar of the Wu Jian Council.
  6920 | D:8      | Found a bloodstained altar of Trog.
  6949 | D:8      | Reached skill level 5 in Invocations
  7015 | D:8      | Found an iron altar of Okawaru.
  7018 | D:8      | Reached skill level 10 in Earth Magic
  7083 | D:8      | Reached ** piety under Cheibriados
  7235 | D:8      | Noticed Grum
  7245 | D:8      | Reached skill level 6 in Armour
  7281 | D:8      | Killed Grum
  7465 | D:8      | Found a shimmering blue altar of Sif Muna.
  7580 | D:8      | Found a runed translucent gate.
  7580 | D:8      | Found a runed translucent gate.
  7580 | D:8      | Found a runed translucent gate.
  7580 | D:8      | Noticed MartinW's ghost (novice DEFE)
  7582 | D:8      | Found a basalt altar of Yredelemnul.
  7616 | D:8      | Killed MartinW's ghost
  7617 | D:8      | Reached XP level 11. HP: 71/83 MP: 4/21
  8125 | D:9      | Reached *** piety under Cheibriados
  8731 | D:9      | Reached skill level 7 in Armour
  9431 | D:10     | Entered Level 10 of the Dungeon
  9631 | D:10     | Reached **** piety under Cheibriados
  9780 | D:10     | Noticed a manticore
  9788 | D:10     | Killed a manticore
 10136 | D:10     | Found a staircase to the Orcish Mines.
 10844 | D:11     | Noticed a cyclops
 10844 | D:11     | Noticed a green ugly thing
 10853 | D:10     | Killed a cyclops
 10931 | D:11     | Learned a level 4 spell: Animate Armour
 10935 | D:11     | Noticed a two-headed ogre
 10941 | D:11     | Killed a two-headed ogre
 11011 | D:11     | Noticed a two-headed ogre
 11015 | D:11     | Killed a two-headed ogre
 11016 | D:11     | Reached skill level 1 in Summonings
 11016 | D:11     | Reached XP level 12. HP: 59/92 MP: 12/23
 11727 | D:11     | Reached ***** piety under Cheibriados
 11751 | D:11     | Reached skill level 10 in Invocations
 11755 | D:11     | Reached skill level 8 in Armour
 12033 | D:11     | Found a staircase to the Lair.
 12304 | D:12     | Found Buirek's Assorted Antiques.
 12308 | D:12     | Bought a dented ruby amulet for 135 gold pieces
 13013 | D:12     | Noticed a boulder beetle
 13021 | D:12     | Killed a boulder beetle
 13022 | D:12     | Reached XP level 13. HP: 85/101 MP: 17/25
 13384 | D:12     | Reached skill level 9 in Armour
 13668 | D:13     | Found a frozen archway.
 13722 | IceCv    | Entered an ice cave
 14452 | IceCv    | Noticed an ice dragon
 14466 | IceCv    | Killed an ice dragon
 14756 | Lair:1   | Entered Level 1 of the Lair of Beasts
 14763 | Lair:1   | Reached skill level 1 in Shields
 14822 | Lair:1   | Reached ****** piety under Cheibriados
 15322 | Lair:1   | Noticed Sonja
 15324 | Lair:1   | Killed Sonja
 16075 | Lair:2   | Reached XP level 14. HP: 68/109 MP: 18/27
 16142 | Lair:2   | Reached skill level 10 in Fighting
 16700 | Lair:2   | Reached skill level 5 in Shields
 16793 | Lair:2   | Found a staircase to the Snake Pit.
 17527 | Lair:3   | Found a transporter.
 17536 | Lair:3   | Found a transporter.
 17564 | Lair:3   | Found a bloodstained altar of Trog.
 17630 | Lair:3   | Found a dark tunnel.
 17639 | Volcano  | Entered a volcano
 18038 | Volcano  | Reached skill level 10 in Armour
 18221 | Lair:3   | Reached skill level 10 in Spellcasting
 18624 | Lair:3   | Found a staircase to the Swamp.
 18631 | Lair:3   | Reached skill level 15 in Earth Magic
 18848 | Lair:3   | Noticed Graphine's ghost (journeyman MfGl)
 19363 | Lair:3   | Killed Graphine's ghost
 19444 | Lair:4   | Got the Monograph on the Amorphous Salvo
 19542 | Lair:4   | Found a staircase to the Slime Pits.
 20234 | Lair:4   | Found a burning altar of Makhleb.
 20813 | Lair:5   | Entered Level 5 of the Lair of Beasts
 20820 | Lair:5   | Reached XP level 15. HP: 67/117 MP: 18/29
 21027 | Lair:5   | Identified a scroll of acquirement
 21857 | Lair:5   | Found a large runed translucent door.
 21858 | Lair:5   | Found a large runed translucent door.
 22469 | Lair:5   | Reached skill level 5 in Conjurations
 22473 | Lair:5   | Reached skill level 10 in Shields
 22711 | Lair:5   | Learned a level 6 spell: Iron Shot
 23310 | Orc:1    | Entered Level 1 of the Orcish Mines
 23366 | Orc:2    | Entered Level 2 of the Orcish Mines
 23450 | Orc:2    | Found a staircase to the Elven Halls.
 23456 | Orc:2    | Reached skill level 11 in Armour
 23553 | Orc:2    | Found Piawedi's Jewellery Boutique.
 23805 | Orc:2    | Found Geni's General Store.
 23810 | Orc:2    | Found Var Atie's General Store.
 25101 | Orc:2    | Reached XP level 16. HP: 113/126 MP: 23/31
 25894 | Orc:2    | Found Niohedom's Book Boutique.
 25894 | Orc:2    | Found Gygululo's Antique Armour Shop.
 25894 | Orc:2    | Found a one-way gate leading to the halls of Pandemonium.
 25917 | Orc:2    | Acquired Laokokunn's Elucidation of the Ironbound Iceberg
 25925 | Orc:2    | Learned a level 5 spell: Lee's Rapid Deconstruction
 25931 | Orc:2    | Learned a level 5 spell: Borgnjor's Vile Clutch
 26105 | Snake:1  | Entered Level 1 of the Snake Pit
 26124 | Snake:1  | Reached skill level 1 in Necromancy
 26579 | Orc:2    | Bought the amulet "Ineererch" {Faith rPois rC+} for 640
                  | gold pieces
 26622 | Orc:2    | Bought a scroll of enchant armour for 97 gold pieces
 26622 | Orc:2    | Bought a scroll of enchant armour for 97 gold pieces
 26622 | Orc:2    | Bought a scroll of identify for 26 gold pieces
 26735 | D:12     | Bought a phial of floods for 1080 gold pieces
 26735 | D:12     | Bought a scroll of identify for 54 gold pieces
 28475 | Snake:2  | Noticed Mlioglotl
 28486 | Snake:2  | Killed Mlioglotl
 28924 | Snake:2  | Reached skill level 12 in Armour
 29290 | Snake:2  | Reached skill level 5 in Necromancy
 29539 | Snake:2  | Reached XP level 17. HP: 128/135 MP: 11/32
 30252 | Snake:3  | Identified the amulet "Xiner" {Spirit Fly Str-4 SInv}
 30369 | Snake:3  | Found an opulent altar of Gozag.
 31179 | Snake:4  | Entered Level 4 of the Snake Pit
 31221 | Snake:4  | Found a radiant altar of Vehumet.
 32767 | Snake:4  | Reached XP level 18. HP: 101/143 MP: 19/34
 32915 | Snake:4  | Reached skill level 13 in Armour
 33529 | Snake:4  | Noticed a quicksilver dragon
 33529 | Snake:4  | Noticed a quicksilver dragon
 33532 | Snake:4  | Killed a quicksilver dragon
 33533 | Snake:4  | Killed a quicksilver dragon
 33636 | Snake:4  | Got a serpentine rune of Zot
 34085 | Swamp:1  | Entered Level 1 of the Swamp
 34236 | Swamp:1  | Noticed Donald
 34246 | Swamp:1  | Killed Donald
 35324 | Swamp:2  | Noticed Nikola
 35334 | Swamp:2  | Killed Nikola
 35561 | Swamp:2  | Noticed Louise
 35573 | Swamp:2  | Killed Louise
 36007 | Swamp:2  | Found a runed translucent door.
 36112 | Swamp:2  | Noticed Aizul
 36118 | Swamp:2  | Killed Aizul
 36306 | Swamp:2  | Identified the staff of air "Xaruc" {rElec rF+ Dex+3}
 37113 | Swamp:4  | Entered Level 4 of the Swamp
 37182 | Swamp:4  | Reached XP level 19. HP: 121/151 MP: 22/36
 37459 | Swamp:4  | Reached skill level 10 in Conjurations
 37635 | Swamp:4  | Got a decaying rune of Zot
 38299 | Orc:1    | Noticed Josephine
 38307 | Orc:1    | Killed Josephine
 39079 | D:13     | Noticed Erolcha
 39085 | D:13     | Killed Erolcha
 39118 | D:13     | Found a broken altar of Ashenzari.
 39841 | D:14     | Found a corrupted altar of Lugonu.
 39923 | D:14     | Found a gate to the Vaults.
 39947 | D:14     | Reached skill level 1 in Evocations
 39957 | D:14     | Reached skill level 14 in Armour
 40396 | D:14     | Found a portal to a secret trove of treasure.
 40688 | D:15     | Entered Level 15 of the Dungeon
 41100 | D:15     | Noticed a tentacled monstrosity
 41106 | D:15     | Found a transporter.
 41123 | D:15     | Found a transporter.
 41130 | D:15     | Found a one-way gate to the infinite horrors of the Abyss.
 41133 | D:15     | Noticed MadAsgardian's ghost (journeyman TrMo)
 41138 | D:15     | Reached skill level 10 in Necromancy
 41256 | D:15     | Found a staircase to the Depths.
 41696 | D:15     | Killed a tentacled monstrosity
 41699 | D:15     | Reached XP level 20. HP: 128/160 MP: 12/37
 41699 | D:15     | Killed MadAsgardian's ghost
 41857 | D:15     | Identified the +0 ring mail "Boxomm" {Stlth+}
 41868 | D:15     | Identified the +8 hand axe "Sothint" {protect, Str+2}
 41940 | Depths:1 | Entered Level 1 of the Depths
 42137 | Depths:1 | You fall into a shaft and drop 1 floor!
 42152 | Depths:2 | Found a one-way gateway to a ziggurat.
 42173 | Depths:2 | Reached skill level 1 in Staves
 42246 | Depths:2 | Found a flickering gateway to a bazaar.
 42248 | Bazaar   | Entered a bazaar
 42248 | Bazaar   | Found Higeskow's General Store.
 42273 | Bazaar   | Found Wuzxaifi's Antique Armour Shop.
 42293 | Bazaar   | Found Voith's Antique Weapon Shop.
 42579 | Depths:1 | Found a blossoming altar of Fedhas.
 43252 | Depths:1 | Found a gateway to Hell.
 43797 | Depths:2 | Noticed a tentacled monstrosity
 43803 | Depths:2 | Killed a tentacled monstrosity
 44578 | Depths:2 | Found a broken altar of Ashenzari.
 44581 | Depths:2 | Noticed a golden dragon
 44593 | Depths:2 | Killed a golden dragon
 45226 | Depths:2 | Reached XP level 21. HP: 97/167 MP: 26/39
 46128 | Depths:3 | Reached skill level 15 in Fighting
 46249 | Depths:3 | Noticed the Enchantress
 46254 | Depths:3 | Killed the Enchantress
 46678 | Depths:3 | Reached skill level 15 in Shields
 47090 | Depths:3 | Identified the -2 pair of boots of a treasure trove {Harm
                  | Rampage +Inv Int-5}
 47603 | Depths:4 | Entered Level 4 of the Depths
 48280 | Depths:4 | Identified the +6 flail "Beast's Death Toll" {antimagic,
                  | Int+2}
 48361 | Depths:4 | Reached skill level 15 in Armour
 48629 | Depths:4 | Noticed a golden dragon
 48629 | Depths:4 | Noticed a golden dragon
 48631 | Depths:4 | Killed a golden dragon
 48637 | Depths:4 | Killed a golden dragon
 48638 | Depths:4 | Reached skill level 5 in Staves
 48764 | Depths:4 | Found a gate to the Realm of Zot.
 49038 | Vaults:1 | Entered Level 1 of the Vaults
 49299 | Vaults:1 | Noticed Asterion
 49314 | Vaults:1 | Killed Asterion
 49315 | Vaults:1 | Reached XP level 22. HP: 80/176 MP: 4/40
 50745 | Vaults:2 | Found Fiuch's Distillery.
 51500 | Vaults:2 | Found a staircase to the Crypt.
 51966 | Vaults:2 | Found Wionoejaeph's General Store.
 52892 | Vaults:3 | Reached skill level 15 in Spellcasting
 53147 | Vaults:3 | Reached XP level 23. HP: 177/184 MP: 33/42
 53531 | Vaults:3 | Reached skill level 16 in Armour
 53882 | Vaults:3 | Found Daqoig's Book Boutique.
 55395 | Crypt:1  | Entered Level 1 of the Crypt
 55818 | Crypt:1  | Found a huge runed translucent gate.
 55818 | Crypt:1  | Found a huge runed translucent gate.
 55820 | Crypt:1  | Found a huge runed translucent gate.
 55820 | Crypt:1  | Found a huge runed translucent gate.
 55823 | Crypt:1  | Found a huge runed translucent gate.
 55823 | Crypt:1  | Found a huge runed translucent gate.
 55823 | Crypt:1  | Found a huge runed translucent gate.
 55823 | Crypt:1  | Found a huge runed translucent gate.
 55823 | Crypt:1  | Found a huge runed translucent gate.
 55824 | Crypt:1  | Found the +8 frozen axe "Frostbite" {freeze, freezing
                  | cloud, *Noise Fly rC+}
 57008 | Crypt:2  | Found a transporter.
 57106 | Crypt:2  | Found a transporter.
 57177 | Crypt:2  | Noticed an ancient lich
 57186 | Crypt:2  | Killed an ancient lich
 57320 | Crypt:2  | Identified the ring of Fackun {rF- rC+ Str+3 Int+6 Stlth+}
 57336 | Crypt:2  | Identified the ring of Biyfru {rC+ Int+3}
 58211 | Crypt:3  | Entered Level 3 of the Crypt
 58263 | Crypt:3  | Reached XP level 24. HP: 186/193 MP: 11/42
 58495 | Crypt:3  | Reached skill level 17 in Armour
 59233 | Crypt:3  | Found a shimmering altar of Xom.
 59302 | Crypt:3  | Reached skill level 15 in Conjurations
 59438 | Crypt:3  | Identified the +0 plate armour "Paetoedo" {+Blink rElec}
 59863 | Crypt:3  | Identified the ring "Ziuquum" {rElec rN+}
 59863 | Crypt:3  | Identified the ring "Totrip" {*Slow rN+ Will++ Dex+4}
 59952 | Crypt:3  | Got the Information on Sciomancy
 59956 | Crypt:3  | Learned a level 2 spell: Sublimation of Blood
 60415 | Crypt:3  | Found a staircase to the Tomb.
 60728 | Elf:1    | Entered Level 1 of the Elven Halls
 60786 | Elf:1    | Found Alaif's Assorted Antiques.
 60788 | Elf:1    | Found Velothuth's Weapon Boutique.
 60788 | Elf:1    | Found Quex's Armour Shop.
 60809 | Elf:1    | Bought a scroll of enchant armour for 262 gold pieces
 60809 | Elf:1    | Found Neigiv's Armour Boutique.
 60809 | Elf:1    | You fall into a shaft and drop 1 floor!
 60889 | Elf:2    | Found a runed translucent gate.
 60890 | Elf:2    | Found a runed translucent gate.
 60894 | Elf:2    | Found a runed translucent gate.
 60966 | Elf:1    | Noticed Zenata
 60978 | Elf:1    | Killed Zenata
 61078 | Elf:1    | Found Riodixy's Antique Armour Boutique.
 61949 | Elf:1    | Found a bloodstained altar of Trog.
 62464 | Elf:2    | Reached XP level 25. HP: 195/200 MP: 37/42
 62984 | Elf:2    | Found Rietik's Jewellery Shop.
 63031 | Elf:2    | Bought the ring "Lidol" {Wiz rPois rF+ Str-3} for 712 gold
                  | pieces
 63148 | Elf:2    | Found Zept's Elven Fire.
 63388 | Elf:3    | Entered Level 3 of the Elven Halls
 63590 | Elf:3    | Reached skill level 18 in Armour
 63774 | Elf:3    | Noticed Bai Suzhen
 63786 | Elf:3    | Killed Bai Suzhen
 63787 | Elf:3    | Reached skill level 5 in Transmutations
 63829 | Elf:3    | Identified the +0 leather armour of Zeta {rC++ Will-}
 64689 | Elf:3    | Identified the +0 plate armour "Lugoxzim" {*Slow rElec
                  | rPois rN++}
 64890 | Elf:3    | Got the Textbook on Weather and Effluvium
 64908 | Abyss:2  | Cast into level 2 of the Abyss (a deep elf sorcerer)
 64917 | Elf:3    | Escaped the Abyss
 65186 | Elf:3    | Found the +2 shield of Resistance {rF++ rC++ Will++}
 65195 | Elf:3    | Identified the staff of earth "Seubbuwek" {rElec rPois rC-
                  | SInv}
 65204 | Elf:3    | Got Wohaes's Parchment of Wintry Envenoming
 65236 | Elf:3    | Learned a level 8 spell: Lehudib's Crystal Spear
 65246 | Elf:3    | Learned a level 9 spell: Shatter
 65277 | Elf:3    | Identified the +1 scale mail of Solemn Surprise {rF+ Dex+3}
 65788 | Orc:2    | Bought the amulet "Miovat Foke" {rPois rF- rN+ Regen+
                  | Dex+5} for 537 gold pieces
 65998 | Slime:1  | Entered Level 1 of the Pits of Slime
 66074 | Slime:2  | Gained mutation: Your spells are a little easier to cast,
                  | but a little less powerful. [a shining eye]
 66134 | Slime:5  | Entered Level 5 of the Pits of Slime
 66154 | Slime:5  | Gained mutation: You occasionally lose the ability to read
                  | scrolls when taking damage. [a shining eye]
 66404 | Slime:3  | Reached XP level 26. HP: 186/209 MP: 40/43
 66706 | Slime:3  | Lost mutation: You occasionally lose the ability to read
                  | scrolls when taking damage. [potion of mutation]
 66706 | Slime:3  | Lost mutation: You are partially covered in large bone
                  | plates. (SH +4) [potion of mutation]
 66706 | Slime:3  | Gained mutation: You possess an exceptional clarity of
                  | mind. [potion of mutation]
 66706 | Slime:3  | Gained mutation: You are robust. (+10% HP) [potion of
                  | mutation]
 66706 | Slime:3  | Gained mutation: Your flesh is cold resistant. (rC+)
                  | [potion of mutation]
 66732 | Slime:5  | Noticed the Royal Jelly
 66739 | Slime:5  | Killed the Royal Jelly
 66840 | Slime:5  | Found the +8 Vampire's Tooth {megavamp}
 66863 | Slime:5  | Got a slimy rune of Zot
 66939 | Slime:5  | Got the Secrets of the Fuming Fifth Circle
 66950 | Slime:5  | Identified the +0 pair of gloves "Kazuledo" {rPois Int+2}
 66979 | Slime:5  | Got the Treatise on Frosty Virulence
 66983 | Slime:5  | Identified the +4 flail of Guile {antimagic, +Blink rF-
                  | Will+ Dex+2 SInv}
 66985 | Slime:5  | Identified the +9 ring mail of the Circus Animal {Will+}
 66992 | Slime:5  | Identified the +8 morningstar "Isael" {vamp, rCorr Dex+4}
 67112 | Slime:5  | Reached skill level 19 in Armour
 68171 | Zot:1    | Entered Level 1 of the Realm of Zot
 68657 | Zot:1    | Acquired 690 gold pieces
 68931 | Zot:1    | You are sucked into a shaft and drop 1 floor!
 69501 | Zot:2    | Noticed a curse toe
 69509 | Zot:2    | Killed a curse toe
 71322 | Zot:3    | Reached skill level 20 in Armour
 71322 | Zot:3    | Reached XP level 27. HP: 138/233 MP: 31/44
 72387 | Zot:5    | Entered Level 5 of the Realm of Zot
 72844 | Depths:3 | Voluntarily entered the Abyss.
 72897 | Abyss:2  | Found a corrupted altar of Lugonu.
 72980 | Abyss:2  | Learned a level 1 spell: Apportation
 72987 | Abyss:2  | Found a corrupted altar of Lugonu.
 73269 | Abyss:3  | Found a corrupted altar of Lugonu.
 73404 | Abyss:3  | Lost mutation: You are robust. (+10% HP) [a neqoxec]
 73421 | Abyss:3  | Found a corrupted altar of Lugonu.
 73654 | Abyss:3  | Reached skill level 21 in Armour
 73928 | Abyss:3  | Gained mutation: Your body sometimes deteriorates upon
                  | taking damage. [a neqoxec]
 74003 | Abyss:3  | Found a corrupted altar of Lugonu.
 74077 | Abyss:3  | Found a corrupted altar of Lugonu.
 74137 | Abyss:3  | Got an abyssal rune of Zot
 74383 | Abyss:3  | Gained mutation: You are clumsy. (Dex -2) [a neqoxec]
 74445 | Depths:3 | Escaped the Abyss
 74547 | Hell     | Entered the Vestibule of Hell
 74547 | Hell     | Noticed Geryon
 74555 | Hell     | Killed Geryon
 74738 | Hell     | Noticed a dread lich
 74812 | Hell     | Killed a dread lich
 74988 | Hell     | Found a gateway to the freezing wastes of Cocytus.
 75244 | Hell     | Found a gateway to the decaying netherworld of Tartarus.
 75492 | Hell     | Found a gateway to the ashen valley of Gehenna.
 75590 | Hell     | Found a gateway to the Iron City of Dis.
 75878 | Vaults:5 | Entered Level 5 of the Vaults
 75880 | Vaults:5 | Reached skill level 22 in Armour
 76316 | Vaults:5 | Noticed a dread lich
 76319 | Vaults:5 | Killed a dread lich
 76499 | Vaults:5 | Identified the +7 morningstar of Mauduh {elec, Int+2 Dex+3}
 76611 | Vaults:5 | Reached skill level 15 in Necromancy
 76682 | Vaults:5 | Identified the +2 acid dragon scales of Midsummer {rCorr
                  | Dex+4}
 76724 | Vaults:5 | Identified the +3 battleaxe of Sequestration {drain, *Noise
                  | rElec Int+2}
 76733 | Vaults:5 | Found the +2 Maxwell's thermic engine {flame, freeze, rev}
 76817 | Vaults:5 | Reached skill level 23 in Armour
 77056 | Vaults:5 | Got the Directory of Inconstant Correspondence
 77091 | Vaults:5 | Identified the +14 plate armour of Heresy {rCorr Str-2
                  | Dex+5 Stlth+}
 77135 | Vaults:5 | Got a silver rune of Zot
 77246 | Vaults:5 | Learned a level 5 spell: Yara's Violent Unravelling
 77255 | Vaults:5 | Learned a level 8 spell: Borgnjor's Revivification
 77486 | Vaults:5 | Identified the staff of fire "Hyrarr" {rF+ Dex+3}
 78294 | Dis:1    | Entered Level 1 of the Iron City of Dis
 78601 | Dis:2    | You are sucked into a shaft and drop 1 floor!
 79104 | Dis:4    | Reached skill level 10 in Transmutations
 79837 | Dis:6    | Noticed an ancient lich
 79839 | Dis:6    | Killed an ancient lich
 79840 | Dis:6    | Reached skill level 24 in Armour
 80044 | Dis:7    | Entered Level 7 of the Iron City of Dis
 81534 | Dis:7    | Gained mutation: You occasionally lose the ability to drink
                  | potions when taking damage. [a cacodemon]
 81543 | Dis:7    | Lost mutation: You are partially covered in iridescent
                  | scales. (AC +2) [potion of mutation]
 81543 | Dis:7    | Lost mutation: Your flesh is cold resistant. (rC+) [potion
                  | of mutation]
 81543 | Dis:7    | Gained mutation: You are somewhat resistant to further
                  | mutation. [potion of mutation]
 81544 | Dis:7    | Lost mutation: You are clumsy. (Dex -2) [potion of
                  | mutation]
 81544 | Dis:7    | Lost mutation: You occasionally lose the ability to drink
                  | potions when taking damage. [potion of mutation]
 81544 | Dis:7    | Lost mutation: Your spells are a little easier to cast, but
                  | a little less powerful. [potion of mutation]
 81545 | Dis:7    | Lost mutation: You are somewhat resistant to further
                  | mutation. [potion of mutation]
 81545 | Dis:7    | Lost mutation: You possess an exceptional clarity of mind.
                  | [potion of mutation]
 81545 | Dis:7    | Lost mutation: You expend magic power (3 MP) to strengthen
                  | your wands. [potion of mutation]
 81545 | Dis:7    | Lost mutation: Your body sometimes deteriorates upon taking
                  | damage. [potion of mutation]
 81545 | Dis:7    | Gained mutation: Your flesh is cold resistant. (rC+)
                  | [potion of mutation]
 81545 | Dis:7    | Gained mutation: Your spells are a little easier to cast,
                  | but a little less powerful. [potion of mutation]
 81637 | Dis:7    | Reached skill level 15 in Transmutations
 81875 | Dis:7    | Reached skill level 5 in Summonings
 81901 | Dis:7    | Identified the +6 scale mail of Broken Taboos {*Corrode
                  | +Inv rC+ rN+ Slay+2}
 81902 | Dis:7    | Identified the staff of earth "Ahal" {rCorr}
 82106 | Dis:7    | Gained mutation: Your magical capacity is low. (-10% MP) [a
                  | cacodemon]
 82110 | Dis:7    | Reached skill level 25 in Armour
 82150 | Dis:7    | Learned a level 7 spell: Haunt
 82280 | Dis:7    | Noticed Dispater
 82291 | Dis:7    | Killed Dispater
 82304 | Dis:7    | Got an iron rune of Zot
 82465 | Coc:1    | Entered Level 1 of Cocytus
 82700 | Coc:2    | Noticed a shard shrike
 82701 | Coc:2    | Noticed a shard shrike
 82701 | Coc:2    | Noticed a shard shrike
 82703 | Coc:2    | Killed a shard shrike
 82704 | Coc:2    | Killed a shard shrike
 82705 | Coc:2    | Killed a shard shrike
 82798 | Coc:3    | Noticed a shard shrike
 82805 | Coc:3    | Killed a shard shrike
 82807 | Coc:3    | Noticed a shard shrike
 82812 | Coc:3    | Killed a shard shrike
 82833 | Coc:3    | Noticed a shard shrike
 82938 | Coc:3    | Noticed a shard shrike
 82939 | Coc:3    | Noticed a shard shrike
 82941 | Coc:3    | Killed a shard shrike
 82941 | Coc:3    | Killed a shard shrike
 82941 | Coc:3    | Noticed a shard shrike
 82945 | Coc:3    | Killed a shard shrike
 82948 | Coc:3    | Killed a shard shrike
 82979 | Coc:4    | Noticed a shard shrike
 82980 | Coc:4    | Noticed a shard shrike
 82983 | Coc:4    | Killed a shard shrike
 82983 | Coc:4    | Killed a shard shrike
 83170 | Coc:5    | Noticed a shard shrike
 83171 | Coc:5    | Noticed a shard shrike
 83171 | Coc:5    | Noticed a shard shrike
 83171 | Coc:5    | Noticed a shard shrike
 83173 | Coc:5    | Killed a shard shrike
 83173 | Coc:5    | Killed a shard shrike
 83173 | Coc:5    | Killed a shard shrike
 83173 | Coc:5    | Killed a shard shrike
 84128 | Coc:7    | Entered Level 7 of Cocytus
 84143 | Coc:7    | Noticed a shard shrike
 84410 | Coc:7    | Noticed a shard shrike
 84416 | Coc:7    | Killed a shard shrike
 84416 | Coc:7    | Killed a shard shrike
 84417 | Coc:7    | Reached skill level 26 in Armour
 84422 | Coc:7    | Noticed a shard shrike
 84426 | Coc:7    | Noticed a shard shrike
 84427 | Coc:7    | Noticed a shard shrike
 84429 | Coc:7    | Killed a shard shrike
 84429 | Coc:7    | Killed a shard shrike
 84430 | Coc:7    | Killed a shard shrike
 84430 | Coc:7    | Noticed a shard shrike
 84439 | Coc:7    | Noticed a shard shrike
 84442 | Coc:7    | Killed a shard shrike
 84442 | Coc:7    | Killed a shard shrike
 84463 | Coc:7    | Noticed a shard shrike
 84475 | Coc:7    | Killed a shard shrike
 84695 | Coc:7    | Noticed a shard shrike
 84704 | Coc:7    | Killed a shard shrike
 84708 | Coc:7    | Noticed a shard shrike
 84726 | Coc:7    | Killed a shard shrike
 85062 | Coc:7    | Noticed a shard shrike
 85064 | Coc:7    | Killed a shard shrike
 85465 | Coc:7    | Noticed a shard shrike
 85473 | Coc:7    | Killed a shard shrike
 85565 | Coc:7    | Noticed a shard shrike
 85585 | Coc:7    | Killed a shard shrike
 85663 | Coc:7    | Noticed a shard shrike
 85669 | Coc:7    | Killed a shard shrike
 85674 | Coc:7    | Noticed a shard shrike
 85695 | Coc:7    | Killed a shard shrike
 86072 | Coc:7    | Identified the +6 bardiche of Tepergh {vamp, Str+2 Int+4}
 86072 | Coc:7    | Noticed Antaeus
 86089 | Coc:7    | Killed Antaeus
 86416 | Coc:7    | Identified the staff of earth "Zidinec" {rN+}
 86469 | Coc:7    | Found the +1 robe of Vines {NoPotionHeal Regen++++}
 86472 | Coc:7    | Identified the staff of conjuration "Biyv" {rPois rCorr}
 86486 | Coc:7    | Got an icy rune of Zot
 86602 | Hell     | Acquired 876 gold pieces
 86641 | Geh:1    | Entered Level 1 of Gehenna
 87151 | Geh:3    | Reached skill level 27 in Armour
 87576 | Geh:5    | Reached skill level 5 in Dodging
 87935 | Geh:7    | Entered Level 7 of Gehenna
 88109 | Geh:7    | HP: 4/181 [Brimstone Fiend/damnation (26)]
 88110 | Geh:7    | Killed from afar by a Brimstone Fiend

Illustrated notes

Levels and vault maps discovered:
D:1:      minmay_arrival_wavy_path, layout_loops_corners, supply_closet_lemuel
D:2:      layout_loops_ring, minmay_box_of_dots
D:3:      layout_loops_ring, nicolae_overflow_squiral,
          hellmonk_ecumenical_altar_crossroads, minmay_distorted, uniq_robin,
          uniq_sigmund
D:4:      layout_basic, portal_sewer_entry_d,
          nicolae_concentric_dashed_squares_mild, chequers_garden,
          uniq_blork_the_orc, uniq_eustachio
D:5:      layout_rooms, mainiacjoe_overflow_catwalk,
          minmay_temple_entry_stoned_glass, minmay_misc_feat_more_columns,
          uniq_pikel
D:6:      lemuel_ice_spiral_2, layout_basic
D:7:      layout_gridville, nzn_wu_jian_contemplation
D:8:      layout_cave_pools, okawaru_humans, led_sif_book, trog_butcher_becter,
          nicolae_yredelemnul_ghost_church, uniq_grum
D:9:      layout_basic, serial_co_window_serial, co_window_of_opportunity_a,
          co_window_corner_a, co_window_of_opportunity_a, co_window_corner_a,
          co_window_paths_a, co_window_paths_a, co_window_of_opportunity_a,
          co_window_corner_ca, co_window_corner_ca, co_window_paths_c,
          co_window_of_opportunity_b, co_window_unsneaky_path_a,
          co_window_4corner_b, co_window_4corner_a, glass_columns_b,
          columned_hall_lemuel
D:10:     layout_long_grid, erik_orc_1
D:11:     layout_loops_ring, erik_lair_island, kennysheep_path_1,
          kennysheep_generic_room_8
D:12:     layout_cave_pods, serial_shops, nicolae_shop_hallway_stairs,
          serial_undead, serial_undead_a, serial_undead_a, serial_undead_a,
          serial_undead_d, serial_undead_f, minmay_hedge_maze
D:13:     layout_irregular_city, portal_ice_cave_entry_pillars_2,
          cheibrodos_ashenzari_chains, uniq_erolcha
D:14:     layout_loops_cross, lightli_vaults_fourway_checkpoint,
          nicolae_trove_entry_free_sample, tgw_lugonu_bribe
D:15:     gammafunk_depths_entry_grave, layout_long_grid,
          gammafunk_ghost_abyssal_escape, kennysheep_flooded_box
Temple:   dpeg_chambers_temple
Lair:1:   layout_regular_city, guppyfry_lair_drakes, uniq_sonja
Lair:2:   layout_loops_ring, nicolae_snake_entry_warm_welcome,
          serial_bayou_lagoon_b
Lair:3:   layout_cellular_growth, skrybe_swamp_entry_bodies,
          nicolae_volcano_entry_lava_flow, gammafunk_ghost_wrathful_warriors,
          st_stairs_10, gammafunk_lair_bear_cave
Lair:4:   layout_hall_layers, nicolae_slime_entry_slimehenge, basic_altar,
          serial_forest, infiniplex_forest_straight_5,
          infiniplex_forest_straight_2, infiniplex_forest_lined_room_3,
          infiniplex_forest_straight_2, infiniplex_forest_join
Lair:5:   cheibrodos_lair_end_hotspot, layout_cave_pods, serial_bayou_shore_a
Swamp:1:  layout_basic_swamp, evilmike_swamp_ruin_house_4, swamp_pool4,
          uniq_donald
Swamp:2:  gammafunk_mikee_crab_dinner, layout_basic_swamp,
          evilmike_swamp_ruin_rubble_1, uniq_aizul, uniq_nikola, uniq_louise
Swamp:3:  layout_falls_marsh, evilmike_swamp_ruin_house_2, swamp_pool4,
          nicolae_swamp_spriggan_camp
Swamp:4:  swamp, layout_basic_swamp
Snake:1:  layout_basic, nicolae_snake_omega
Snake:2:  layout_honeycomb, lemuel_fruit_tree, uniq_mlioglotl
Snake:3:  layout_onion_interference, basic_altar
Snake:4:  hellmonk_snake_rune_quicksilver_temple, layout_misc_corridors,
          basic_altar
Slime:1:  layout_caves, cheibrodos_slime_lost_civilization_7
Slime:2:  layout_caves
Slime:3:  layout_caves, nicolae_slime_welcoming_committee
Slime:4:  layout_caves
Slime:5
Orc:1:    layout_caves, uniq_josephine
Orc:2:    pf_orc_diabolical, layout_diamond_mine, serial_shops,
          nicolae_square_shop
Elf:1:    nicolae_elf_arrival_fired_up, layout_geoelf_diagonals, serial_shops,
          shop_statue, hangedman_elf_disciples,
          nicolae_elf_glass_and_crystal_pillar_1, evilmike_spriggan_trog_shrine,
          minmay_shoptagon, uniq_zenata
Elf:2:    elven_hall_of_blades_hangedman_original
          [infiniplex_blade_entry_pillars], layout_gridlike, serial_shops,
          nicolae_lakefront_shop, guppyfry_elf_lava
Elf:3:    grunt_elf_hall_diamonds, layout_loops_cross, uniq_bai_suzhen
Vaults:1: nicolae_vaults_little_squares_6, v_misc_11, vaults_room_semicircle,
          v_misc_2, nicolae_vaults_circle_grid_b, vaults_dpeg_hooks,
          nicolae_vaults_double_plus_3, v_pattern_5, vaults_dpeg_spiral,
          grunt_vaults_twisty, grunt_vaults_diagonal, vaults_mumra_hex,
          ontoclasm_vaults_loading_screen, layout_vaults_omnibox, uniq_asterion
Vaults:2: ontoclasm_vaults_bender, vaults_room_mumra_shop_pool,
          hangedman_vaults_stream, minmay_crypt_entry_simple_box, v_misc_2,
          v_misc_29, hangedman_vaults_pinch, nicolae_vaults_meiosis,
          vaults_mumra_lcd, nicolae_vaults_mitosis, v_alt_pattern_3,
          nicolae_vaults_circle_grid_b, nicolae_vaults_trapezoid_2,
          nicolae_vaults_shipping_containers_1, ontoclasm_vaults_loading_screen,
          nicolae_vaults_tetromino_Z_1, layout_vaults_maze_snakey, serial_shops,
          shop
Vaults:3: nicolae_vaults_tetromino_Z_2, hangedman_vaults_nails, v_misc_1,
          vaults_mumra_minichess_inversion, nicolae_vaults_twisting_passages,
          nicolae_vaults_trapezoid_lopsided_1, v_pattern_1, v_misc_4,
          vaults_mumra_chevron, nicolae_vaults_diagonal_hallway_8, v_misc_15,
          nicolae_vaults_double_plus_2, layout_vaults_ring, serial_shops,
          nicolae_lakefront_shop
Vaults:4: v_pattern_3, nicolae_vaults_rhombus_6, vaults_room_pools,
          ontoclasm_vaults_eye, layout_vaults_quadrants
Vaults:5
Crypt:1:  cheibrodos_crypt_3hun_7po, layout_gridlike, fountainhead,
          wad_floor_pattern_untrapped, corexii_leaking_fountain,
          grunt_megastairs_4
Crypt:2:  gammafunk_its_a_trap, layout_chaotic_city, minivault_5,
          skrybe_necro_troll_2, uniq_grunn
Crypt:3:  church_of_pain_bobbens, layout_chaotic_city,
          tomb_entry_forgotten_bobbens, grunt_megastairs_3
Depths:1: layout_long_grid, hellmouth_2, fedhas_altar_fruit_tree, pan_entry,
          kennysheep_small_circle
Depths:2: hangedman_cross_cluster, layout_cave_shapes, enter_ziggurat_f,
          serial_shops, bzr_entry_safe, hell_entry, rand_demon_pan_entry_3,
          statue_in_the_mist_lemuel
Depths:3: minmay_mutant_horseshoe, layout_gridlike, abyss_entry, hell_entry,
          uniq_enchantress
Depths:4: evilmike_zot_entry_hall, layout_cave_shapes, pan_entry,
          grunt_decor_fettered, grunt_hell_entry_dis_mu, uniq_parghit
Hell
Dis:1:    layout_subdivisions
Dis:2:    layout_jigsaw
Dis:3:    layout_gridville
Dis:4:    layout_gridville
Dis:5:    layout_jigsaw, nicolae_dis_metal_lava_thing
Dis:6:    layout_gridville
Dis:7:    iron_city_of_dis [dis_grunt, dis_wall_1], layout_gridville
Geh:1:    layout_gehenna_lava_caves
Geh:2:    layout_gehenna_pools_triple, nicolae_hells_seeping_fissure
Geh:3:    layout_gehenna_lava_caves, lemuel_hellion_isle
Geh:4:    layout_gehenna_pools_box
Geh:5:    layout_gehenna_pools_triple
Geh:6:    layout_gehenna_pools_triple, special_room [special_room_morgue],
          lemuel_hellish_altar
Geh:7:    geh_hangedman
Coc:1:    layout_ice_bergs
Coc:2:    layout_ice_bergs
Coc:3:    layout_ice_bergs
Coc:4:    layout_cocytus_delve
Coc:5:    layout_cocytus_water_paths
Coc:6:    layout_ice_bergs, nicolae_coc_icebean_singular
          [nicolae_sub_coc_subbean]
Coc:7:    coc_grunt_cove [coc_grunt_cove_antaeus, coc_grunt_cove_fiend,
          coc_grunt_cove_fiend, coc_grunt_cove_fiend, coc_grunt_cove_fiend]
Zot:1:    layout_onion, grunt_megastairs_2
Zot:2:    grunt_twist_and_shout, layout_concentric_octagons, st_stairs_9
Zot:3:    layout_basic
Zot:4:    layout_gridlike
Zot:5:    layout_twisted_circle, st_stairs_8

Skill      XL: |  1  2  3  4  5  6  7  8  9 10 11 12 13 14 15 16 17 18 19 20 21 22 23 24 25 26 27 |
---------------+----------------------------------------------------------------------------------+-----
Earth Magic    | 4 5 6 8 9 10 11 12 14 15 16 17 18 19 20 21 22 25 | 25.0
Conjurations   | 1 2 3 6 7 8 9 11 12 13 14 15 | 15.0
Transmutations | 2 3 4 5 15 | 15.0
Fighting       | 1 2 3 4 5 6 8 9 10 11 12 13 14 15 16 17 18 22 | 22.8
Spellcasting   | 3 4 5 6 7 8 9 10 11 12 13 14 15 16 17 22 | 22.4
Armour         | 2 4 5 6 7 8 9 10 11 12 13 14 15 16 17 18 20 27 | 27.0
Invocations    | 3 7 9 11 12 13 | 13.0
Summonings     | 1 3 4 9 |  9.0
Shields        | 4 8 10 12 14 16 17 18 19 20 | 20.0
Necromancy     | 5 8 9 10 11 12 21 | 21.2
Evocations     | 2 3 |  3.0
Staves         | 3 5 6 7 8 9 |  9.5
Dodging        | 6 |  6.2
Stealth        | |  2.4

Action                     |  1- 3 |  4- 6 |  7- 9 | 10-12 | 13-15 | 16-18 | 19-21 | 22-24 | 25-27 || total
---------------------------+-------+-------+-------+-------+-------+-------+-------+-------+-------++-------
  Melee: Whip              |    28 |    91 |     7 |       |       |       |       |       |       ||   126
         Unarmed           |     1 |       |       |       |       |       |       |       |       ||     1
         Punch             |     1 |     1 |     1 |     1 |     3 |       |       |       |       ||     7
         Flail             |       |       |    19 |       |       |       |       |       |       ||    19
         Lance             |       |       |    38 |       |       |       |       |       |       ||    38
         Trident           |       |       |    11 |    42 |   432 |   314 |       |       |       ||   799
         Staff             |       |       |       |       |       |    27 |   491 |  1215 |  1451 ||  3184
  Throw: Dart              |       |       |     1 |     3 |       |       |       |     1 |       ||     5
   Cast: Sandblast         |    24 |    51 |   117 |   283 |   289 |   117 |    18 |       |     2 ||   901
         Passwall          |       |       |     2 |     1 |     1 |     2 |     8 |       |    35 ||    49
         Stone Arrow       |       |       |     5 |    24 |    90 |    49 |    25 |       |     1 ||   194
         Animate Armour    |       |       |       |    12 |   106 |    93 |    68 |    77 |   207 ||   563
         Iron Shot         |       |       |       |       |     1 |     7 |     9 |    60 |   301 ||   378
         Borgnjor's Vile C |       |       |       |       |       |   125 |   111 |   107 |   453 ||   796
         Lee's Rapid Decon |       |       |       |       |       |     2 |     9 |    38 |   166 ||   215
         Petrify           |       |       |       |       |       |     1 |       |       |       ||     1
         Sublimation of Bl |       |       |       |       |       |       |       |       |   387 ||   387
         Lehudib's Crystal |       |       |       |       |       |       |       |       |    33 ||    33
         Shatter           |       |       |       |       |       |       |       |       |   131 ||   131
         Haunt             |       |       |       |       |       |       |       |       |    56 ||    56
         Yara's Violent Un |       |       |       |       |       |       |       |       |    11 ||    11
         Borgnjor's Revivi |       |       |       |       |       |       |       |       |     4 ||     4
         Apportation       |       |       |       |       |       |       |       |       |     1 ||     1
 Invoke: Temporal Distorti |       |       |       |     1 |       |     3 |       |       |       ||     4
         Slouch            |       |       |       |     1 |     5 |     7 |    14 |     4 |    17 ||    48
         Bend Time         |       |       |       |       |     1 |     1 |       |       |     2 ||     4
         Step From Time    |       |       |       |       |       |       |       |       |     3 ||     3
Ability: Dig               |       |     1 |       |     1 |     1 |     1 |     3 |       |     9 ||    16
  Evoke: Wand              |       |       |     1 |     1 |     6 |       |     1 |     1 |    10 ||    20
         Box of beasts     |       |       |       |       |     1 |       |       |       |       ||     1
         Lightning rod     |       |       |       |       |     1 |     1 |       |       |       ||     2
         Phial of floods   |       |       |       |       |       |     2 |       |       |     1 ||     3
         Condenser vane    |       |       |       |       |       |       |       |       |     2 ||     2
    Use: Scroll            |     1 |     3 |     1 |     4 |     4 |    19 |     4 |     3 |    16 ||    55
         Potion            |       |     2 |       |       |     8 |     3 |     1 |     2 |    24 ||    40
   Stab: Sleeping          |     4 |     3 |       |       |       |       |       |       |     1 ||     8
         Distracted        |       |       |       |       |     2 |     5 |     2 |     1 |    13 ||    23
         Invisible         |       |       |       |       |       |       |       |     1 |       ||     1
 Armour: Leather armour    |    12 |    33 |    40 |     6 |       |       |       |       |       ||    91
         Robe              |       |     7 |     4 |       |       |       |       |       |       ||    11
         Ring mail         |       |       |    10 |       |       |       |       |       |       ||    10
         Chain mail        |       |       |       |   166 |   364 |       |       |       |       ||   530
         Plate armour      |       |       |       |       |     2 |   180 |       |       |       ||   182
         Crystal plate arm |       |       |       |       |       |    73 |   399 |   458 |  1273 ||  2203
  Dodge: Dodged            |    29 |    69 |    93 |   130 |   300 |   143 |   143 |   145 |   438 ||  1490
         Repelled          |       |       |       |     4 |    11 |     7 |       |       |       ||    22
  Block: Other             |       |     5 |    29 |    56 |    20 |       |       |       |       ||   110
         Kite shield       |       |       |       |       |   657 |   577 |   379 |       |  1745 ||  3358
         Tower shield      |       |       |       |       |       |       |   422 |  1618 |   161 ||  2201
